 Dungeon Crawl Stone Soup version 0.17-a0-484-g0e03f6a (console) character file.

16090 MrRokkomies the Slicer (level 12, 0/65 HPs)
             Began as a Vine Stalker Assassin on Apr 9, 2015.
             Was the Champion of Makhleb.
             Killed from afar by a gargoyle (14 damage)
             ... with a stone arrow
             ... in a labyrinth on Apr 10, 2015.
             The game lasted 01:12:45 (10770 turns).

MrRokkomies the Slicer (Vine Stalker Assassin)     Turns: 10770, Time: 01:12:45

Health: 0/65       AC:  9    Str: 14    XL:     12   Next: 33%
Magic:  0/15       EV: 18    Int: 11    God:    Makhleb [******]
Gold:   840        SH:  8    Dex: 21    Spells: 1 memorised, 10 levels left

rFire  + . .     SeeInvis .     a - +2 dagger (elec)
rCold  . . .     Clarity  .     c - +1 leather armour {rPois}
rNeg   . . .     SustAb   .     L - +2 buckler
rPois  +         Gourm    .     (no helmet)
rElec  .         Spirit   +     d - +1 cloak
rCorr  .         Warding  .     o - +0 pair of gloves
rMut   +         Stasis   .     p - +0 pair of boots
MR     +....                    w - amulet of resist mutation
Stlth  +++.......               F - +3 ring of slaying
                                R - ring of protection from fire

@: somewhat resistant to hostile enchantments, fairly stealthy
A: fangs 3, regeneration 3, shaggy fur 1, magic shield, antimagic bite, no
device heal 3, rot immunity
a: Minor Destruction, Lesser Servant of Makhleb, Major Destruction, Greater
Servant of Makhleb, Renounce Religion


You were in a labyrinth.
You worshipped Makhleb.
Makhleb was exalted by your worship.
You were hungry.

You visited 2 branches of the dungeon, and saw 12 of its levels.
You also visited: Labyrinth.

You collected 840 gold pieces.

Inventory:

Hand weapons
 a - a +2 dagger of electrocution (weapon)
 b - a +0 blowgun
 m - the +6 falchion "Hydrabane" {slice, *Rage rElec Int+4 Stlth+}
   (You found it on level 8 of the Dungeon)

   It inflicts extra damage upon your enemies.
   It affects your intelligence (+4).
   It insulates you from electricity.
   It may make you go berserk in combat.
   It makes you more stealthy.
Missiles
 e - 87 poisoned needles
 v - 8 tomahawks
 H - 5 needles of sleeping
 P - a throwing net
 Y - 4 javelins of returning (quivered)
Armour
 c - a +1 leather armour of poison resistance (worn)
 d - a +1 cloak (worn)
 o - a +0 pair of gloves (worn)
 p - a +0 pair of boots (worn)
 E - a +1 leather armour of cold resistance
 L - a +2 buckler (worn)
Jewellery
 k - a +2 ring of dexterity
 s - an uncursed ring of positive energy
 w - an amulet of resist mutation (around neck)
 D - an uncursed ring of wizardry
 F - a +3 ring of slaying (right hand)
 R - a ring of protection from fire (left hand)
Magical devices
 q - a wand of frost (3)
 y - a wand of fire (2)
 A - a wand of magic darts (23)
 B - a wand of digging (15)
 S - a wand of disintegration (0)
Scrolls
 f - 4 scrolls of magic mapping
 r - a scroll of identify
 u - 2 scrolls of immolation
 K - 4 scrolls of remove curse
 M - a scroll of teleportation
 N - a scroll of amnesia
 U - a scroll of brand weapon
 Z - a scroll of blinking {unknown}
Potions
 h - 5 potions of restore abilities
 i - 6 potions of curing
 j - 2 potions of agility
 l - a potion of flight
 t - a potion of beneficial mutation {unknown}
 z - a potion of berserk rage
 C - a potion of resistance
 J - a potion of might {unknown}
 Q - 3 potions of poison {unknown}
 V - a potion of haste {unknown}
Books
 I - a book of Beasts

   Spells                             Type                      Level
   a - Summon Butterflies             Summoning                    1
   b - Call Canine Familiar           Summoning                    3
   c - Summon Ice Beast               Ice/Summoning                4
   d - Summon Mana Viper              Hexes/Summoning              5
   e - Monstrous Menagerie            Summoning                    6
   f - Summon Hydra                   Summoning                    7
Comestibles
 g - 10 bread rations
 n - 9 fruits
 x - 3 meat rations
 G - a beef jerky
 O - 3 royal jellies


   Skills:
 * Level 8.6 Fighting
 - Level 10.0 Short Blades
 - Level 8.0 Throwing
 - Level 7.3 Dodging
 - Level 6.1 Stealth
 - Level 5.0 Shields
 * Level 3.1 Invocations


You had 10 spell levels left.
You knew the following spells:

 Your Spells              Type           Power        Failure   Level  Hunger
a - Summon Butterflies    Summ           #.......     45%         1    ##.....


Dungeon Overview and Level Annotations

Branches:
Dungeon (11/15)            Temple (0/1) D:6            Lair (1/8) D:11
    Orc: D:9-12

Altars:
Ashenzari
Cheibriados
Dithmenos
Elyvilon
Gozag
Makhleb
Yredelemnul

Shops:
D:6 ?}=   D:11 %


Innate Abilities, Weirdness & Mutations

You have razor-sharp teeth.
You regenerate.
You are covered in fur (AC +1).
When hurt, damage is shared between your health and your magic reserves.
Your bite disrupts and absorbs the magic of your enemies.
Potions and wands cannot restore your health.
You are immune to rotting.


Message History

You hit the gargoyle but do no damage.
The gargoyle is moderately damaged.
You hit the gargoyle but do no damage.
The gargoyle is moderately damaged.
The gargoyle hurls a stone arrow at you.
The stone arrow misses you.
You hit the gargoyle but do no damage.
The gargoyle is moderately damaged.
You hit the gargoyle but do no damage.
You bite the gargoyle, but do no damage.
The gargoyle is moderately damaged.
The gargoyle misses you.
You hit the gargoyle but do no damage.
The gargoyle is moderately damaged.
You barely miss the gargoyle.
You bite the gargoyle, but do no damage.
The gargoyle is moderately damaged.
The gargoyle hurls a stone arrow at you.
The stone arrow hits you!
You die...

. ## . .
## # . #
# # . .
.# . # #
# ###. #
.#. . #.#
. . #
.#.###
##.#
#.#...#.
. .# #
#@## .#.#
#
#9#...#.#
.#)# #
### #....
) # .####
#) # ..
..... ##
##.##.# #
## # #
... #.#
.# . #.#


You could see a gargoyle.

Vanquished Creatures
  The ghost of Chiseanne the Cleaver, an experienced DDMo of Gozag (D:9)
  An unseen horror (D:11)
  2 hill giants
  A necromancer (D:8)
  2 oklob plants (D:11)
  The ghost of DeadSlay the Covered, an experienced DsCK of Xom (D:7)
  A manticore (D:11)
  2 cyclopes
  Joseph (D:7)
  2 spiny frogs
  A centaur skeleton (D:10)
  3 gargoyles (Lab)
  A troll (D:10)
  A two-headed ogre (D:11)
  Sigmund (D:5)
  A hippogriff (D:9)
  4 wyverns
  A trapdoor spider (D:8)
  A human (shapeshifter) (D:8)
  11 yaks (D:10)
  A hungry ghost (D:7)
  An orc warrior (D:11)
  4 water moccasins
  4 phantoms
  A wasp (D:9)
  3 ice beasts
  An eye of draining (D:11)
  3 black bears
  A necrophage (D:11)
  4 ogres
  4 big kobolds
  3 centaurs
  7 giant frogs
  2 gnoll sergeants
  A water moccasin zombie (D:8)
  6 scorpions
  11 killer bees
  A water moccasin skeleton (D:11)
  5 wights (D:9)
  6 crimson imps
  A goliath beetle (D:8)
  A centaur zombie (D:6)
  2 hounds
  2 giant frog zombies
  6 orc wizards
  2 giant frog skeletons
  7 orc priests
  13 worker ants
  A gnoll shaman (D:9)
  An iron imp (D:3)
  5 iguanas
  2 hound skeletons
  19 gnolls
  7 adders
  A shadow imp (D:11)
  3 worms
  2 adder zombies
  An adder skeleton (D:9)
  3 giant geckos
  2 oozes
  34 orcs
  A bat zombie (D:6)
  19 goblins
  23 hobgoblins
  10 jackals
  8 quokkas
  3 ball pythons
  13 bats
  3 giant cockroaches
  2 giant newts
  2 giant spores
  55 kobolds
  15 rats
  2 ballistomycetes
  2 plants
381 creatures vanquished.

Vanquished Creatures (others)
  A quokka (D:6)
  4 butterflies
5 creatures vanquished.

Grand Total: 386 creatures vanquished

Notes
Turn   | Place    | Note
--------------------------------------------------------------
     0 | D:1      | MrRokkomies, the Vine Stalker Assassin, began the quest for the Orb.
     0 | D:1      | Reached XP level 1. HP: 11/11 MP: 2/2
   110 | D:1      | Reached skill level 5 in Stealth
   191 | D:1      | Reached XP level 2. HP: 6/15 MP: 3/3
  1054 | D:2      | Reached XP level 3. HP: 13/18 MP: 4/4
  1800 | D:3      | Reached skill level 6 in Stealth
  1800 | D:3      | Reached XP level 4. HP: 14/23 MP: 3/5
  2165 | D:3      | Found a burning altar of Makhleb.
  2169 | D:3      | Reached XP level 5. HP: 26/26 MP: 6/6
  2219 | D:3      | Became a worshipper of Makhleb the Destroyer
  2694 | D:4      | Gained mutation: You heal very quickly. [Vine Stalker growth]
  2694 | D:4      | Reached XP level 6. HP: 26/30 MP: 5/7
  2895 | D:4      | Acquired Makhleb's first power
  3121 | D:4      | Reached XP level 7. HP: 34/34 MP: 8/8
  3131 | D:4      | Reached skill level 5 in Short Blades
  3144 | D:4      | Acquired Makhleb's second power
  3501 | D:5      | Entered Level 5 of the Dungeon
  3592 | D:5      | Noticed Sigmund
  3598 | D:5      | Killed Sigmund
  3650 | D:5      | Noticed a wyvern
  3672 | D:5      | Killed a wyvern
  3672 | D:5      | Reached skill level 5 in Throwing
  3672 | D:5      | Gained mutation: You have razor-sharp teeth. [Vine Stalker growth]
  3672 | D:5      | Reached XP level 8. HP: 25/38 MP: 5/9
  4088 | D:6      | Found Vuysuoto's Jewellery Shoppe.
  4135 | D:6      | Learned a level 1 spell: Summon Butterflies
  4157 | D:6      | Found Yxtiprem's Magic Scroll Shoppe.
  4170 | D:6      | Found Ufiuroli's Gadget Shoppe.
  4202 | D:6      | Found a white marble altar of Elyvilon.
  4441 | D:6      | Acquired Makhleb's third power
  4565 | D:6      | Found a staircase to the Ecumenical Temple.
  4737 | D:7      | Noticed Joseph
  4751 | D:7      | Found a basalt altar of Yredelemnul.
  4847 | D:7      | Reached skill level 7 in Short Blades
  4945 | D:7      | Reached XP level 9. HP: 42/42 MP: 8/10
  5020 | D:7      | Found a shattered altar of Ashenzari.
  5178 | D:7      | Killed Joseph
  5282 | D:7      | Noticed DeadSlay's ghost (experienced DsCK)
  5292 | D:7      | Killed DeadSlay's ghost
  5292 | D:7      | Reached skill level 8 in Short Blades
  5412 | D:7      | Acquired Makhleb's fourth power
  5751 | D:7      | Reached skill level 1 in Shields
  6125 | D:8      | Reached skill level 9 in Short Blades
  6177 | D:8      | Acquired Makhleb's fifth power
  6452 | D:8      | Reached XP level 10. HP: 46/46 MP: 11/11
  6467 | D:8      | Noticed a cyclops
  6476 | D:8      | Killed a cyclops
  6517 | D:8      | Noticed a necromancer
  6529 | D:8      | Killed a necromancer
  6567 | D:8      | Reached skill level 10 in Short Blades
  6567 | D:8      | Reached skill level 5 in Shields
  6595 | D:8      | Reached skill level 1 in Dodging
  6701 | D:8      | Found a shadowy altar of Dithmenos.
  6853 | D:8      | Got a steaming falchion
  6962 | D:8      | Found a snail-covered altar of Cheibriados.
  7374 | D:9      | Found an opulent altar of Gozag.
  7394 | D:9      | Noticed Chiseanne's ghost (experienced DDMo)
  7495 | D:9      | Killed Chiseanne's ghost
  7538 | D:9      | Reached XP level 11. HP: 54/54 MP: 12/12
  7593 | D:9      | Identified the +6 falchion "Hydrabane" {slice, *Rage rElec Int+4 Stlth+} (You found it on level 8 of the Dungeon)
  7733 | D:9      | Reached skill level 5 in Fighting
  8072 | D:10     | Entered Level 10 of the Dungeon
  8099 | D:10     | Noticed a hill giant
  8181 | D:10     | Killed a hill giant
  8359 | D:10     | Reached skill level 5 in Dodging
  9469 | D:11     | Noticed a hill giant
  9542 | D:11     | Killed an unseen horror
  9611 | D:11     | Killed a hill giant
  9679 | D:11     | Found a staircase to the Lair.
  9899 | D:11     | Noticed a seven-headed hydra
  9921 | D:11     | Gained mutation: You regenerate. [Vine Stalker growth]
  9921 | D:11     | Reached XP level 12. HP: 46/64 MP: 13/13
 10163 | D:11     | Found Waal's Food Shop.
 10338 | D:11     | Reached skill level 1 in Invocations
 10483 | Lair:1   | Entered Level 1 of the Lair of Beasts
 10624 | Lair:1   | Found a labyrinth entrance.
 10631 | Lab      | Entered a labyrinth
 10661 | Lab      | Found an exit through the horrors of the Abyss.
 10770 | Lab      | Killed from afar by a gargoyle

Action                   |  1- 3 |  4- 6 |  7- 9 | 10-12 || total
-------------------------+-------+-------+-------+-------++-------
Melee: Dagger            |    49 |       |   252 |   549 ||   850
       Short sword       |    43 |   118 |    28 |       ||   189
 Fire: Blowgun           |     5 |       |    20 |    49 ||    74
Throw: Tomahawk          |       |     1 |     3 |     1 ||     5
       Javelin           |       |       |       |    11 ||    11
 Cast: Summon Butterflie |       |       |     1 |       ||     1
Evoke: Wand              |       |     1 |     2 |     2 ||     5
  Use: Scroll            |     5 |     5 |    10 |     5 ||    25
       Potion            |       |       |     1 |     1 ||     2
 Stab: Sleeping          |     6 |    10 |     8 |    20 ||    44
       Distracted        |       |       |     4 |     3 ||     7
  Eat: Chunk             |     3 |     4 |    11 |    12 ||    30
       Pizza             |       |       |       |     1 ||     1
